 Dungeon Crawl Stone Soup version 0.31-a0-366-ga77b45bd9b (webtiles) character file.

Game seed: 16463294065098619417

4569 Grim the Cleaver (level 10, -1/102 HPs)
             Began as a Hill Orc Fighter on July 28, 2023.
             Was a Believer of Beogh.
             Succumbed to a hornet's poison
             ... on level 9 of the Dungeon.
             The game lasted 00:17:04 (8806 turns).

Grim the Cleaver (Hill Orc Fighter)                 Turns: 8806, Time: 00:17:05

Health: -1/102     AC: 15    Str: 22    XL:     10   Next: 41%
Magic:  1/17       EV:  9    Int:  8    God:    Beogh [**....]
Gold:   29         SH:  0    Dex: 12    Spells: 9/9 levels left

rFire   . . .        a - +0 war axe
rCold   + . .        (no shield)
rNeg    . . .        I - +0 scale mail
rPois   .            C - +2 hat
rElec   .            q - +0 cloak
rCorr   .            (no gloves)
SInv    .            (no boots)
Will    .....        g - amulet of guardian spirit Stlth
                     v - ring of protection from cold
HPRegen 0.37/turn    z - +4 ring of protection
MPRegen 0.15/turn

%: guardian spirit
@: lethally poisoned (-1 -> -16), slowed, very slow
A: claws 1, robust 1
a: Renounce Religion, Smiting


You were on level 9 of the Dungeon.
You worshipped Beogh.
Beogh was pleased with you.
You visited 1 branch of the dungeon, and saw 9 of its levels.
You also visited: Sewer.

You collected 295 gold pieces.
You spent 266 gold pieces at shops.

Inventory:

Hand Weapons
 a - a +0 war axe (weapon)
 b - a +0 orcbow
Armour
 q - a +0 cloak (worn)
 C - a +2 hat (worn)
 G - the +2 cloak of Foolhardiness {rN+ Str+4 Int+6 Slay-6}
   (You bought it in a shop on level 1 of the Dungeon)

   Str:       It affects your strength (+4).
   Int:       It affects your intelligence (+6).
   Slay:      It affects your accuracy & damage with ranged weapons and melee
   (-6).
   rN:        It protects you from negative energy.
 I - a +0 scale mail (worn)
Jewellery
 g - an amulet of guardian spirit (around neck)
 v - a ring of protection from cold (left claw)
 z - a +4 ring of protection (right claw)
Wands
 F - a wand of roots (10)
Scrolls
 e - 3 scrolls of fog {unknown}
 f - a scroll of noise {unknown}
 k - 3 scrolls of amnesia
 m - 2 scrolls of vulnerability {unknown}
 n - 2 scrolls of identify
 o - 3 scrolls of enchant weapon
 p - 5 scrolls of fear
 r - a scroll of silence {unknown}
 s - a scroll of revelation {unknown}
 x - a scroll of immolation {unknown}
 y - 3 scrolls of teleportation {unknown}
 D - 3 scrolls of poison {unknown}
 H - a scroll of enchant armour {unknown}
Potions
 c - a potion of ambrosia
 d - a potion of might
 h - 2 potions of enlightenment
 i - 2 potions of haste {unknown}
 j - a potion of mutation {!q}
 l - 5 potions of curing
 t - 2 potions of cancellation
 u - 2 potions of magic
 w - 2 potions of heal wounds
 A - a potion of invisibility {unknown}
 B - a potion of resistance
 E - 2 potions of lignification {unknown}


   Skills:
 - Level 10.0 Fighting
 - Level 11.0 Axes
 + Level 7.3 Armour
 - Level 3.2 Shields
 + Level 10.1 Invocations


You had 9 spell levels left.
You didn't know any spells.
Your spell library contained the following spells:

 Spells                   Type           Power      Damage    Failure   Level
 Ignite Poison            Fire/Tmut/Pois 0%         N/A       97%         3
 Inner Flame              Hex/Fire       0%         N/A       97%         3
 Sticky Flame             Conj/Fire      0%         2d3       100%        4


Dungeon Overview and Level Annotations

Branches:
Dungeon (9/15)             Temple (0/1) D:4            Lair (0/5) D:9
    Orc (0/2) D:9           Sewer (visited)

Altars:
Hepliaklqana
Trog
Xom

Shops:
D:1 [=[!!

Annotations:
D:4 3 runed translucent doors, nacho123456's ghost, novice HOFi
D:5 2 transporters, mn3067's ghost, novice MfSh


Innate Abilities, Weirdness & Mutations

You have sharp fingernails.
You are robust. (+10% HP)


Message History

* * * LOW HITPOINT WARNING * * *
You are more poisoned.
You feel as though you will be slow longer.
You feel very sick. The hornet stings you.
* * * LOW HITPOINT WARNING * * *
You suddenly lose the ability to move!
You stop ascending the stairs.
The orc barely misses you.
The orc warrior hits you but does no damage.
The hornet stings you but does no damage.
You feel very sick.
The hornet stings you but does no damage.
The orc hits you with a +0 flail.
* * * LOW HITPOINT WARNING * * *
The howler monkey hoots and howls with incredible vigour!
The orc warrior hits you with a +1 long sword of holy wrath.
* * * LOW HITPOINT WARNING * * *
The hornet stings you.
* * * LOW HITPOINT WARNING * * *
You are lethally poisoned!
You shrug off the repeated paralysis!
You hear a shout! x4
* * * LOW HITPOINT WARNING * * *
You feel very sick.
The orc wizard gestures wildly while chanting.
The orc wizard flickers and vanishes!
Deactivating autopickup; reactivate with Ctrl-A.
The orc barely misses you.
The orc warrior hits you with a +1 long sword of holy wrath!
* * * LOW HITPOINT WARNING * * *
The hornet stings you.
* * * LOW HITPOINT WARNING * * *
You feel as though you will be slow longer.
You hear a howl!
You hear a shout!
You can move again.
As you read the scroll of fear, it crumbles to dust.
You assume a fearsome visage.
The orc looks frightened!
The orc warrior looks frightened!
The howler monkey looks frightened!
The orc looks frightened!
The hornet looks frightened!
You die...

##############
##################
.............#
#.................
....###......#
#..###...####.#### ....#
#......# #..# #...# #.#
# >...# #......# #..#
#...# #.# # ....#
#......# #..# #...# #.#
# ....# #......# #..#
#...# #.# # [...#
#......# #..# #...# #.#
# ....# #......# #@o#
#...# #.# # ....#
#......# #yo# #...# #.#
# ....# #......# #oh#
#...# #.# # ....#
#......###..# #...# #.#
# ....# #.........{.#
#...# #.# # ....#
#...........# #...# #.#
# ....#
#......####.###..[####.#
# ....# #......#
#...[........# # ....#
#.....[# #..##........#
#


You could see a hornet (fleeing), an orc warrior (fleeing), a howler monkey
(fleeing) and 2 orcs.

Vanquished Creatures
  Harold (D:9)
  Maurice (D:8)
  A troll (D:9)
  A wyvern (D:8)
  A steam dragon (D:9)
  Edmund (D:6)
  A water moccasin (D:7)
  3 black bears
  4 ice beasts
  2 ogres (D:6)
  2 centaurs
  A phantom (D:5)
  2 bullfrogs (D:6)
  3 kobold brigands
  2 scorpions
  7 wights (D:6)
  A howler monkey (D:8)
  5 jellies
  A hound (D:6)
  2 gnoll boudas (D:7)
  3 orc priests
  3 iguanas (D:7)
  2 sleepcaps
  5 orc wizards
  Natasha (thrice) (D:2)
  10 gnolls (D:7)
  9 adders
  2 river rats (Sewer)
  3 shadow imps
  5 worms
  2 dart slugs
  21 orcs
  6 bats
  16 endoplasms
  9 giant cockroaches
  4 goblins
  10 hobgoblins
  3 jackals (D:1)
  21 kobolds
  3 quokkas
  10 ball pythons
  4 frilled lizards
  10 rats
206 creatures vanquished.

Vanquished Creatures (others)
  An adder (D:5)
  3 orcs (D:5)
4 creatures vanquished.

Grand Total: 210 creatures vanquished

Notes
Turn   | Place    | Note
-------+----------+-------------------------------------------
     0 | D:1      | Grim the Hill Orc Fighter began the quest for the Orb.
     0 | D:1      | Reached XP level 1. HP: 19/19 MP: 1/1
    13 | D:1      | Got Qugyix's Spellbook of Red Metamorphosis
    77 | D:1      | Found Unenk's Jewellery Boutique.
    86 | D:1      | Reached skill level 3 in Axes
   141 | D:1      | Reached XP level 2. HP: 26/26 MP: 2/2
   143 | D:1      | Found Icsom's Armour Shoppe.
   172 | D:1      | Reached skill level 4 in Axes
   172 | D:1      | Found Senast's Distillery.
   352 | D:1      | Found Huoladgh's Distillery.
   359 | D:1      | Reached XP level 3. HP: 30/31 MP: 3/3
   529 | D:1      | Found Aluch's Antique Armour Boutique.
  1005 | D:2      | Reached skill level 5 in Axes
  1275 | D:2      | Reached XP level 4. HP: 23/39 MP: 4/4
  1454 | D:2      | Noticed Natasha
  1469 | D:2      | Killed Natasha
  1470 | D:2      | Reached skill level 6 in Axes
  1719 | D:2      | Noticed Natasha
  1724 | D:2      | Killed Natasha
  1725 | D:2      | Reached XP level 5. HP: 37/45 MP: 5/5
  1738 | D:2      | Noticed Natasha
  1748 | D:2      | Killed Natasha
  1749 | D:2      | Reached skill level 7 in Axes
  2270 | D:3      | Found a faded altar of an unknown god.
  2519 | D:4      | Reached skill level 8 in Axes
  2519 | D:4      | Reached XP level 6. HP: 49/51 MP: 6/6
  2642 | D:4      | Found a runed translucent gate.
  2643 | D:4      | Found a runed translucent gate.
  2643 | D:4      | Found a runed translucent gate.
  2643 | D:4      | Noticed nacho123456's ghost (novice HOFi)
  2708 | D:4      | Found a glowing drain.
  2725 | Sewer    | Entered a sewer
  2969 | Sewer    | Reached skill level 9 in Axes
  3116 | Sewer    | Found a shimmering altar of Xom.
  3283 | D:4      | Identified the +5 leather armour of Salvation {rF+}
  3292 | D:4      | Found a staircase to the Ecumenical Temple.
  3413 | D:4      | Reached XP level 7. HP: 57/57 MP: 7/7
  3676 | D:5      | Entered Level 5 of the Dungeon
  3676 | D:5      | Found a transporter.
  3696 | D:5      | Reached skill level 10 in Axes
  3783 | D:5      | Found a transporter.
  3962 | D:5      | Became a worshipper of Beogh the Brigand
  4040 | D:5      | Noticed a wyvern
  4042 | D:5      | Noticed mn3067's ghost (novice MfSh)
  4045 | D:5      | Found a transporter.
  4225 | D:5      | Found a transporter.
  4495 | D:5      | Reached skill level 5 in Fighting
  4495 | D:5      | Reached skill level 11 in Axes
  4495 | D:5      | Reached XP level 8. HP: 49/68 MP: 5/8
  4635 | D:5      | Gained mutation: You are dopey. (Int -2) [potion of
                  | mutation]
  4635 | D:5      | Gained mutation: You sometimes lose your temper in combat.
                  | [potion of mutation]
  4635 | D:5      | Gained mutation: Your flesh is heat resistant. (rF+)
                  | [potion of mutation]
  4636 | D:5      | Lost mutation: Your flesh is heat resistant. (rF+) [potion
                  | of mutation]
  4636 | D:5      | Lost mutation: You sometimes lose your temper in combat.
                  | [potion of mutation]
  4636 | D:5      | Gained mutation: You have sharp fingernails. [potion of
                  | mutation]
  4636 | D:5      | Gained mutation: You are robust. (+10% HP) [potion of
                  | mutation]
  4636 | D:5      | Lost mutation: You are dopey. (Int -2) [potion of mutation]
  4694 | D:6      | Reached skill level 1 in Invocations
  5020 | D:6      | Noticed Edmund
  5028 | D:6      | Killed Edmund
  5156 | D:6      | Reached * piety under Beogh
  5283 | D:6      | Reached XP level 9. HP: 50/90 MP: 6/12
  5614 | D:6      | Reached skill level 5 in Invocations
  5910 | D:1      | Bought a faintly glowing cloak for 266 gold pieces
  5910 | D:1      | Identified the +2 cloak of Foolhardiness {rN+ Str+4 Int+6
                  | Slay-6} (You bought it in a shop on level 1 of the Dungeon)
  6158 | D:7      | Found a hazy altar of Hepliaklqana.
  6159 | D:7      | Found a shimmering altar of Xom.
  6159 | D:7      | Noticed a purple ugly thing
  6162 | D:7      | Noticed a spectral ugly thing
  6299 | D:7      | Reached skill level 10 in Fighting
  7025 | D:7      | Reached ** piety under Beogh
  7269 | D:8      | Reached skill level 5 in Armour
  7782 | D:8      | Noticed a moth of wrath
  7783 | D:8      | Noticed Maurice
  7916 | D:8      | Found a bloodstained altar of Trog.
  8007 | D:8      | Killed Maurice
  8008 | D:8      | Reached XP level 10. HP: 47/102 MP: 4/16
  8339 | D:9      | Found a staircase to the Lair.
  8518 | D:9      | Found a staircase to the Orcish Mines.
  8548 | D:9      | Noticed Harold
  8561 | D:9      | Killed Harold
  8571 | D:9      | Paralysed by a hornet for 1 turns
  8577 | D:9      | Paralysed by a hornet for 1 turns
  8793 | D:9      | Reached skill level 10 in Invocations
  8803 | D:9      | Paralysed by a hornet for 3 turns
  8805 | D:9      | HP: 4/102 [hornet (3)]
  8806 | D:9      | Succumbed to a hornet's poison

Illustrated notes

Levels and vault maps discovered:
D:1:      saegor_arrival_under_anarchy, layout_basic, serial_shops,
          nicolae_shop_industrial_runoff, nicolae_square_shop,
          nicolae_shop_rolling_square, nicolae_shop_competitors_out_of_business,
          shop
D:2:      layout_loops_corners, uniq_natasha
D:3:      layout_rooms, dreamdust_ecumenical_altar_hidden_monk_grotto,
          serial_park_tiny_pond
D:4:      layout_cave_pools, minmay_temple_entry_slanted, gammafunk_ghost_split,
          cheibrodos_sewer_entry_bend, minmay_misc_feat_cross,
          nicolae_twisty_statue_hallways
D:5:      gammafunk_cloud_chamber, layout_loops_cross, gammafunk_ghost_arena
D:6:      layout_basic, grunt_ministairs_6, kennysheep_dice, uniq_edmund
D:7:      layout_loops_ring, regret_index_temple_of_mockery,
          minmay_misc_feat_alley
D:8:      layout_loops_ring, tgw_trog, uniq_maurice
D:9:      layout_long_grid, lair_entry_dummy, orc_0_dummy, uniq_harold

Skill      XL: |  1  2  3  4  5  6  7  8  9 10 |
---------------+-------------------------------+-----
Axes           | 3 4 5 6 8 9 11 | 11.0
Fighting       | 5 8 10 | 10.0
Invocations    | 4 9 10 | 10.1
Armour         | 6 7 |  7.3
Shields        | |  3.2

Action                     |  1- 3 |  4- 6 |  7- 9 | 10-12 || total
---------------------------+-------+-------+-------+-------++-------
  Melee: War axe           |    95 |   157 |   363 |    24 ||   639
         Punch             |     1 |     3 |     6 |       ||    10
 Invoke: Convert to Beogh  |       |       |     1 |       ||     1
         Smiting           |       |       |     2 |     4 ||     6
    Use: Scroll            |       |       |     8 |     2 ||    10
         Potion            |       |       |     5 |     1 ||     6
 Armour: Scale mail        |    59 |    51 |   170 |    19 ||   299
  Dodge: Dodged            |    57 |    83 |   151 |    23 ||   314

Table legend: (Time is in decaauts)
 A = Elapsed time spent in this place.
 B = Non-inter-level travel time spent in this place.
 C = Inter-level travel time spent in this place.
 D = Time resting spent in this place.
 E = Time spent auto-exploring this place.
 F = Levels seen in this place.
 G = Mean time per level.
                   A        B        C        D        E       F      G
               +--------+--------+--------+--------+--------+-----+--------+
         Total |   8872 |   8430 |    442 |   1687 |   5050 |  10 |  887.2 |
       Dungeon |   8345 |   7903 |    442 |   1541 |   4827 |   9 |  927.2 |
         Sewer |    527 |    527 |      0 |    146 |    222 |   1 |  527.0 |
               +--------+--------+--------+--------+--------+-----+--------+

Top non-repeatable levels by time:
     D:8: 1369 daAuts
     D:2: 1328 daAuts
     D:6: 1167 daAuts
     D:7: 1129 daAuts
     D:5: 1016 daAuts
     D:4: 766 daAuts
     D:1: 647 daAuts
     D:3: 617 daAuts
   Sewer: 527 daAuts
     D:9: 302 daAuts
